[ AOE2 MATCH · #505197291 ]
UnrankedKoreans vs Dravidians
Player's team · LOSS
[ REPLAY ANALYSIS · EXTRACTED FROM THE RECORDED GAME ]
Feudal
12:39
Castle
17:07
Imperial
34:26
| APM avg | 53.9 |
| APM peak | 108 |
| eAPM avg | 31.5 |
| Villagers / military | 130 / 19 |
Focus
⚔️ 18.0% · 🌾 82.0%
War Wagon ×10 · Battering Ram ×4 · Fire Lancer ×3 · Iron Pagoda ×2
Feudal
9:55
Castle
20:52
Imperial
32:25
| APM avg | 41.9 |
| APM peak | 101 |
| eAPM avg | 34.1 |
| Villagers / military | 132 / 148 |
Focus
⚔️ 29.6% · 🌾 70.4%
Militia ×143 · Trebuchet (Packed) ×3 · Spearman ×2
Match map
Initial resources + every placement click. Lines = walls · curves = elevation contours. ◆ gold · ⬟ stone · ● berries · ✦ relic · ◌ wall gap
Your base· ✓ Closed at 17:07 · 27t walls · no gate
Malle-Junkie's base· ✓ Closed at 20:52 · 21t walls · no gate
Smoothed initial terrain · ◌ = detected wall gap · hover for details
Inputs per minute
— PowerBug96 - - Malle-Junkie
Build order — PowerBug96
First 150 of 300 actions detected
| 0:00 | Queue | Villager (Male) |
| 0:01 | Queue | Villager (Male) |
| 0:01 | Queue | Villager (Male) |
| 0:02 | Build | House |
| 0:03 | Build | House |
| 0:09 | Queue | Villager (Male) |
| 0:09 | Queue | Villager (Male) |
| 0:09 | Queue | Villager (Male) |
| 0:14 | Research | Loom |
| 0:22 | Queue | Villager (Male) |
| 0:23 | Queue | Villager (Male) |
| 0:23 | Queue | Villager (Male) |
| 0:39 | Build | Palisade Gate |
| 1:07 | Build | Palisade Wall |
| 1:07 | Build | Palisade Wall |
| 1:08 | Build | Palisade Wall |
| 1:09 | Build | Palisade Wall |
| 1:09 | Build | Palisade Wall |
| 1:34 | Queue | Villager (Male) |
| 1:34 | Queue | Villager (Male) |
| 1:34 | Queue | Villager (Male) |
| 2:13 | Build | Lumber Camp |
| 2:33 | Queue | Villager (Male) |
| 2:33 | Queue | Villager (Male) |
| 2:33 | Queue | Villager (Male) |
| 2:35 | Queue | Villager (Male) |
| 2:36 | Queue | Villager (Male) |
| 3:15 | Queue | Villager (Male) |
| 3:15 | Queue | Villager (Male) |
| 3:35 | Queue | Villager (Male) |
| 3:36 | Queue | Villager (Male) |
| 3:39 | Build | House |
| 3:54 | Queue | Villager (Male) |
| 3:55 | Queue | Villager (Male) |
| 3:55 | Queue | Villager (Male) |
| 4:13 | Queue | Villager (Male) |
| 4:13 | Queue | Villager (Male) |
| 4:13 | Queue | Villager (Male) |
| 4:45 | Queue | Villager (Male) |
| 5:23 | Queue | Villager (Male) |
| 5:23 | Queue | Villager (Male) |
| 5:23 | Queue | Villager (Male) |
| 6:09 | Build | House |
| 6:26 | Build | House |
| 6:38 | Build | Mill |
| 6:44 | Queue | Villager (Male) |
| 6:44 | Queue | Villager (Male) |
| 6:49 | Queue | Villager (Male) |
| 6:49 | Queue | Villager (Male) |
| 6:49 | Queue | Villager (Male) |
| 7:27 | Build | Mill |
| 7:41 | Build | House |
| 8:02 | Queue | Villager (Male) |
| 8:48 | Queue | Villager (Male) |
| 8:50 | Queue | Villager (Male) |
| 8:57 | Build | House |
| 9:07 | Queue | Villager (Male) |
| 9:27 | Research | Feudal Age |
| 9:43 | Build | Mining Camp |
| 10:20 | Build | House |
| 10:24 | Build | House |
| 10:50 | Queue | Villager (Male) |
| 10:50 | Queue | Villager (Male) |
| 10:55 | Build | Palisade Wall |
| 10:58 | Build | Palisade Wall |
| 10:59 | Build | Palisade Wall |
| 11:05 | Build | Palisade Wall |
| 11:09 | Build | Lumber Camp |
| 11:18 | Queue | Villager (Male) |
| 11:39 | Build | Palisade Wall |
| 12:39 | Age | Feudal Age |
| 12:47 | Build | Market |
| 13:01 | Build | Stone Wall |
| 13:04 | Build | Stone Wall |
| 13:07 | Build | Stone Wall |
| 13:08 | Build | Stone Wall |
| 13:09 | Build | Stone Wall |
| 13:13 | Queue | Villager (Male) |
| 13:13 | Queue | Villager (Male) |
| 13:33 | Build | Blacksmith |
| 13:47 | Build | Watch Tower |
| 14:04 | Research | Fletching |
| 14:12 | Build | Mining Camp |
| 14:27 | Research | Castle Age |
| 14:39 | Queue | Villager (Male) |
| 14:39 | Queue | Villager (Male) |
| 15:18 | Build | Watch Tower |
| 15:25 | Queue | Villager (Male) |
| 15:44 | Research | Double-Bit Axe |
| 15:58 | Queue | Villager (Male) |
| 16:01 | Build | House |
| 16:02 | Build | House |
| 16:20 | Build | House |
| 16:22 | Build | House |
| 16:35 | Build | House |
| 16:36 | Build | House |
| 17:07 | Age | Castle Age |
| 17:20 | Build | Watch Tower |
| 17:28 | Research | Bow Saw |
| 17:28 | Research | Bow Saw |
| 18:22 | Build | Siege Workshop |
| 18:26 | Queue | Villager (Male) |
| 18:44 | Research | Town Watch |
| 18:44 | Queue | Villager (Male) |
| 18:58 | Queue | Villager (Male) |
| 19:26 | Build | Town Center |
| 19:30 | Queue | Villager (Male) |
| 19:42 | Queue | Battering Ram |
| 20:02 | Build | Farm |
| 20:04 | Build | Farm |
| 20:14 | Build | Farm |
| 20:16 | Build | Farm |
| 20:33 | Build | Farm |
| 20:35 | Build | Farm |
| 20:37 | Queue | Villager (Male) |
| 20:38 | Queue | Villager (Male) |
| 20:44 | Build | Farm |
| 20:46 | Build | Farm |
| 21:06 | Build | Farm |
| 21:11 | Queue | Iron Pagoda |
| 21:23 | Build | Watch Tower |
| 21:23 | Queue | Villager (Male) |
| 21:24 | Queue | Villager (Male) |
| 21:24 | Queue | Villager (Male) |
| 21:44 | Build | Watch Tower |
| 21:47 | Queue | Villager (Male) |
| 21:47 | Queue | Villager (Male) |
| 21:50 | Build | Farm |
| 21:52 | Build | Farm |
| 21:56 | Build | Farm |
| 21:58 | Queue | Villager (Male) |
| 21:58 | Queue | Villager (Male) |
| 22:00 | Build | Farm |
| 22:12 | Queue | Villager (Male) |
| 22:12 | Queue | Villager (Male) |
| 22:19 | Build | Farm |
| 22:28 | Queue | Battering Ram |
| 22:43 | Queue | Battering Ram |
| 22:43 | Queue | Battering Ram |
| 22:48 | Queue | Villager (Male) |
| 22:49 | Queue | Villager (Male) |
| 22:49 | Queue | Villager (Male) |
| 22:58 | Research | Horse Collar |
| 22:58 | Research | Horse Collar |
| 23:04 | Build | Farm |
| 23:24 | Queue | Villager (Male) |
| 23:24 | Queue | Villager (Male) |
| 23:26 | Build | House |
| 23:27 | Build | House |
| 23:30 | Queue | Villager (Male) |
Build order — Malle-Junkie
First 150 of 434 actions detected
| 0:01 | Queue | Villager (Male) |
| 0:06 | Build | House |
| 0:07 | Build | House |
| 0:21 | Queue | Villager (Male) |
| 0:24 | Queue | Villager (Male) |
| 0:25 | Queue | Villager (Male) |
| 0:25 | Queue | Villager (Male) |
| 1:40 | Queue | Villager (Male) |
| 1:40 | Queue | Villager (Male) |
| 1:45 | Queue | Villager (Male) |
| 1:48 | Build | Lumber Camp |
| 2:16 | Queue | Villager (Male) |
| 2:16 | Queue | Villager (Male) |
| 2:54 | Queue | Villager (Male) |
| 2:57 | Queue | Villager (Male) |
| 3:40 | Queue | Villager (Male) |
| 3:53 | Build | House |
| 4:05 | Queue | Villager (Male) |
| 4:43 | Queue | Villager (Male) |
| 4:43 | Queue | Villager (Male) |
| 4:43 | Queue | Villager (Male) |
| 5:24 | Queue | Villager (Male) |
| 5:36 | Queue | Villager (Male) |
| 6:00 | Queue | Villager (Male) |
| 6:09 | Build | Mill |
| 6:35 | Build | House |
| 6:40 | Queue | Villager (Male) |
| 6:56 | Build | Barracks |
| 7:17 | Queue | Villager (Male) |
| 7:45 | Research | Feudal Age |
| 7:49 | Build | Mining Camp |
| 8:14 | Queue | Militia |
| 8:15 | Queue | Militia |
| 8:40 | Queue | Militia |
| 8:44 | Build | House |
| 8:47 | Queue | Militia |
| 8:57 | Build | Mining Camp |
| 9:07 | Queue | Militia |
| 9:37 | Queue | Militia |
| 9:47 | Build | House |
| 9:54 | Research | Loom |
| 9:55 | Age | Feudal Age |
| 10:00 | Build | Watch Tower |
| 10:14 | Research | Man-at-Arms (upgrade) |
| 10:31 | Queue | Villager (Male) |
| 10:38 | Build | Mill |
| 10:43 | Queue | Militia |
| 10:51 | Research | Arson |
| 10:51 | Research | Arson |
| 10:51 | Research | Arson |
| 10:52 | Research | Arson |
| 10:57 | Queue | Villager (Male) |
| 11:13 | Build | Watch Tower |
| 11:20 | Queue | Villager (Male) |
| 11:22 | Queue | Militia |
| 11:22 | Queue | Militia |
| 11:38 | Build | Farm |
| 11:40 | Build | Farm |
| 11:48 | Queue | Villager (Male) |
| 12:19 | Build | Market |
| 12:27 | Build | Farm |
| 12:29 | Queue | Villager (Male) |
| 12:29 | Queue | Villager (Male) |
| 12:29 | Queue | Villager (Male) |
| 13:06 | Build | Watch Tower |
| 13:11 | Queue | Villager (Male) |
| 13:16 | Build | House |
| 13:18 | Queue | Villager (Male) |
| 13:21 | Build | Farm |
| 13:37 | Queue | Villager (Male) |
| 13:39 | Build | Farm |
| 14:10 | Queue | Villager (Male) |
| 14:12 | Build | Farm |
| 14:33 | Queue | Villager (Male) |
| 14:33 | Queue | Villager (Male) |
| 15:07 | Queue | Villager (Male) |
| 15:13 | Build | Stone Wall |
| 15:21 | Build | House |
| 15:37 | Queue | Villager (Male) |
| 15:40 | Build | House |
| 15:42 | Build | Farm |
| 15:48 | Build | Blacksmith |
| 15:57 | Build | House |
| 16:03 | Build | Lumber Camp |
| 16:21 | Build | Farm |
| 16:24 | Research | Horse Collar |
| 16:29 | Research | Double-Bit Axe |
| 16:29 | Research | Double-Bit Axe |
| 17:03 | Build | Stone Wall |
| 17:08 | Queue | Villager (Male) |
| 17:32 | Build | Farm |
| 17:35 | Queue | Villager (Male) |
| 18:02 | Research | Castle Age |
| 18:02 | Research | Castle Age |
| 18:02 | Research | Castle Age |
| 18:32 | Build | Stone Wall |
| 18:39 | Build | Stone Wall |
| 18:48 | Build | Stone Wall |
| 18:48 | Build | Stone Wall |
| 18:50 | Build | Stone Wall |
| 19:07 | Research | Gold Mining |
| 19:11 | Research | Horse Collar |
| 19:14 | Research | Stone Mining |
| 19:58 | Build | Stone Wall |
| 20:38 | Queue | Villager (Male) |
| 20:52 | Age | Castle Age |
| 20:57 | Build | Town Center |
| 20:57 | Queue | Villager (Male) |
| 21:02 | Build | Town Center |
| 21:05 | Queue | Villager (Male) |
| 21:08 | Queue | Villager (Male) |
| 21:08 | Queue | Villager (Male) |
| 21:20 | Research | Bow Saw |
| 21:21 | Queue | Villager (Male) |
| 21:45 | Queue | Villager (Male) |
| 21:49 | Build | Farm |
| 21:52 | Build | Farm |
| 21:58 | Queue | Villager (Male) |
| 22:05 | Queue | Villager (Male) |
| 22:09 | Build | Farm |
| 22:11 | Queue | Villager (Male) |
| 22:11 | Queue | Villager (Male) |
| 22:11 | Queue | Villager (Male) |
| 22:18 | Build | Farm |
| 22:24 | Queue | Villager (Male) |
| 22:36 | Queue | Villager (Male) |
| 22:50 | Queue | Villager (Male) |
| 22:50 | Queue | Villager (Male) |
| 22:51 | Queue | Villager (Male) |
| 22:53 | Build | Farm |
| 22:53 | Build | Farm |
| 22:54 | Build | Farm |
| 22:54 | Build | Farm |
| 22:54 | Build | Farm |
| 23:00 | Queue | Villager (Male) |
| 23:03 | Build | Castle |
| 23:10 | Build | Farm |
| 23:14 | Queue | Villager (Male) |
| 23:28 | Queue | Villager (Male) |
| 23:29 | Queue | Villager (Male) |
| 23:29 | Queue | Villager (Male) |
| 23:34 | Build | Farm |
| 23:43 | Build | Mining Camp |
| 23:47 | Queue | Villager (Male) |
| 23:47 | Queue | Villager (Male) |
| 23:55 | Build | Farm |
| 23:56 | Build | Farm |
| 24:02 | Queue | Villager (Male) |
| 24:02 | Queue | Villager (Male) |
| 24:03 | Queue | Villager (Male) |
Match timeline
| 1:07 | PowerBug96 · wall_segment Palisade Wall x1 |
| 1:07 | PowerBug96 · wall_segment Palisade Wall x1 |
| 1:08 | PowerBug96 · wall_segment Palisade Wall x1 |
| 1:09 | PowerBug96 · wall_segment Palisade Wall x1 |
| 1:09 | PowerBug96 · wall_segment Palisade Wall x1 |
| 6:56 | Malle-Junkie · first_building Barracks |
| 9:55 | Malle-Junkie · age_up feudal |
| 10:55 | PowerBug96 · wall_segment Palisade Wall x5 |
| 10:58 | PowerBug96 · wall_segment Palisade Wall x1 |
| 10:59 | PowerBug96 · wall_segment Palisade Wall x1 |
| 11:05 | PowerBug96 · wall_segment Palisade Wall x1 |
| 11:39 | PowerBug96 · wall_segment Palisade Wall x9 |
| 12:39 | PowerBug96 · age_up feudal |
| 13:01 | PowerBug96 · wall_segment Stone Wall x1 |
| 13:04 | PowerBug96 · wall_segment Stone Wall x1 |
| 13:07 | PowerBug96 · wall_segment Stone Wall x1 |
| 13:08 | PowerBug96 · wall_segment Stone Wall x1 |
| 13:09 | PowerBug96 · wall_segment Stone Wall x1 |
| 15:13 | Malle-Junkie · wall_segment Stone Wall x4 |
| 16:45 | Malle-Junkie · first_market_sell 500 stone |
| 16:45 | Malle-Junkie · first_market_buy 100 food |
| 17:03 | Malle-Junkie · wall_segment Stone Wall x1 |
| 17:07 | PowerBug96 · age_up castle |
| 18:22 | PowerBug96 · first_building Siege Workshop |
| 18:32 | Malle-Junkie · wall_segment Stone Wall x4 |
| 18:39 | Malle-Junkie · wall_segment Stone Wall x1 |
| 18:48 | Malle-Junkie · wall_segment Stone Wall x1 |
| 18:48 | Malle-Junkie · wall_segment Stone Wall x1 |
| 18:50 | Malle-Junkie · wall_segment Stone Wall x4 |
| 19:41 | PowerBug96 · first_market_buy 100 wood |
| 19:58 | Malle-Junkie · wall_segment Stone Wall x5 |
| 20:52 | Malle-Junkie · age_up castle |
| 23:03 | Malle-Junkie · first_building Castle |
| 24:14 | Malle-Junkie · wall_segment Stone Wall x12 |
| 29:32 | PowerBug96 · first_building Castle |
| 31:11 | PowerBug96 · first_building Barracks |
| 32:25 | Malle-Junkie · age_up imperial |
| 34:10 | PowerBug96 · first_building Archery Range |
| 34:26 | PowerBug96 · age_up imperial |
| 36:36 | PowerBug96 · resign |
[ AI ANALYSIS · 1 CREDIT ]
What really happened in this match?
Wolo.gg analyzes every decision: build order, eco, micro, common mistakes by bracket. Personalized analysis on WhatsApp or Discord in 30 seconds.
Civ guide
Koreans
Perfil
Jugador #8893803